 Dungeon Crawl Stone Soup version 0.32-a0-35-gd9ff480968 (webtiles) character file.

Game seed: 1603060998438851356

406467 nono the Peltast (level 23, -4/135 HPs)
             Began as a Vine Stalker Brigand on Jan 22, 2024.
             Was an Initiate of Gozag.
             Killed by the air
             ... invoked by Sojobo
              (14 damage)
             ... on level 1 of the Depths on Jan 23, 2024.
             The game lasted 03:46:39 (47020 turns).

nono the Peltast (Vine Stalker Brigand)            Turns: 47020, Time: 03:46:43

Health: -4/135     AC: 26    Str: 26    XL:     23   Next: 41%
Magic:  0/21       EV: 16    Int: 11    God:    Gozag
Gold:   10212      SH: 22    Dex: 19    Spells: 22/22 levels left

rFire   + + .        w - +9 eveningstar (heavy)
rCold   + + .        D - +0 tower shield {AC+3}
rNeg    + + +        E - +4 scale mail of Gyx Liel {rElec rPois rN+}
rPois   +            s - +2 hat of the Bear Spirit {Spirit, Bear, *Rage Will++}
rElec   +            c - +1 cloak {Stlth+}
rCorr   +            C - +1 pair of gloves of Uskayaw's Hope {Str+3}
SInv    +            h - +1 pair of boots {rampage}
Will    +++++        t - amulet of the Four Winds {rN+ Will+++ Clar}
Stlth   +++++++      X - ring of Xuroda {rPois rF+ rN+ Str-4}
HPRegen 1.22/turn    K - ring "Bohenex" {rPois rC+ Str+2 Dex+3 SInv}
MPRegen 0.17/turn

%: clarity, guardian spirit, rampage
@: resistant, enlightened, flying, studying 4 skills
A: fangs 3, regeneration 1, magic shield, antimagic bite, no potion heal 2, low
MP 1, MP-powered wands
}: 2/15 runes: barnacled, gossamer
a: Renounce Religion, Potion Petition, Call Merchant, Bribe Branch


You were on level 1 of the Depths.
You worshipped Gozag.
Gozag was extremely pleased with you.
You visited 9 branches of the dungeon, and saw 41 of its levels.
You visited 1 bazaar.
You also visited: Ossuary, Bailey and Gauntlet.

You collected 20125 gold pieces.
You spent 6181 gold pieces at shops.
You paid 3732 gold pieces to Gozag.

Inventory:

Hand Weapons
 w - a +9 heavy eveningstar (weapon)
 Y - a +6 demon whip of draining
Missiles
 W - 3 throwing nets (quivered)
Armour
 c - a +1 cloak of stealth (worn)
 h - a +1 pair of boots of rampaging (worn)
 s - the +2 hat of the Bear Spirit (worn) {Spirit, Bear, *Rage Will++}
   (You bought it in a shop on level 4 of the Vaults)

   Bear:      Going berserk makes the wearer exceptionally tough, and they are
   slowed for a shorter time afterward.
   Will++:    It greatly increases your willpower.
   *Rage:     It berserks you when you make melee attacks (+20% chance).
 C - the +1 pair of gloves of Uskayaw's Hope (worn) {Str+3}
   (You found it on level 3 of the Shoals)

   Str+3:     It affects your strength (+3).
 D - a +0 tower shield of protection (worn)
 E - the +4 scale mail of Gyx Liel (worn) {rElec rPois rN+}
   (You found it on level 13 of the Dungeon)

   rElec:     It insulates you from electricity.
   rPois:     It protects you from poison rN+: It protects you from negative
   energy.
Jewellery
 a - the ring "Cetsokid" {rPois rCorr Dex-4 Slay+5 SInv}
   (You took it off a deep elf high priest on level 3 of the Elven Halls)

   [ring of poison resistance]

   Dex-4:     It affects your dexterity (-4).
   Slay+5:    It affects your accuracy & damage with ranged weapons and melee
   (+5).
   rPois:     It protects you from poison SInv: It lets you see invisible.
   rCorr:     It protects you from acid and corrosion.
 b - a ring of protection from cold
 d - the ring "Nawaggug" {rN+ Will+ Int+6 Dex-4 Stlth+}
   (You found it on level 5 of the Lair of Beasts)

   [ring of intelligence]

   Int+6:     It affects your intelligence (+6).
   Dex-4:     It affects your dexterity (-4).
   rN+:       It protects you from negative energy.
   Will+:     It increases your willpower.
   Stlth+:    It makes you more stealthy.
 i - the ring "Weawkomm" {rN+ Will+ Dex+4}
   (You found it on level 11 of the Dungeon)

   [ring of positive energy]

   Dex+4:     It affects your dexterity (+4).
   rN+:       It protects you from negative energy.
   Will+:     It increases your willpower.
 t - the amulet of the Four Winds (around neck) {rN+ Will+++ Clar}
   (You took it off a deep elf high priest on level 3 of the Elven Halls)

   [amulet of nothing]

   rN+:       It protects you from negative energy.
   Will+++:   It greatly increases your willpower.
   Clar:      It protects you from confusion, rage, mesmerisation and fear.
 K - the ring "Bohenex" (right hand) {rPois rC+ Str+2 Dex+3 SInv}
   (You found it on level 3 of the Shoals)

   [ring of protection from cold]

   Str+2:     It affects your strength (+2).
   Dex+3:     It affects your dexterity (+3).
   rC+:       It protects you from cold.
   rPois:     It protects you from poison SInv: It lets you see invisible.
 L - the ring of Byits {Fly rN+ Int-5 Dex+2}
   (You found it on level 3 of the Crypt)

   [ring of positive energy]

   Int-5:     It affects your intelligence (-5).
   Dex+2:     It affects your dexterity (+2).
   rN+:       It protects you from negative energy.
   Fly:       It grants you flight.
 N - the macabre finger necklace {Finger+ rN+}
   (You bought it in a shop on level 8 of the Dungeon)

   [amulet of nothing]

   Finger+:   It enables you to equip an extra ring.
   rN+:       It protects you from negative energy.
 Q - a +5 ring of evasion
 R - a ring of resist corrosion
 V - the ring "Woewiqie" {Wiz rElec}
   (You found it on level 3 of the Elven Halls)

   [ring of wizardry]

   Wiz:       It improves your spell success rate.
   rElec:     It insulates you from electricity.
 X - the ring of Xuroda (left hand) {rPois rF+ rN+ Str-4}
   (You found it on level 3 of the Crypt)

   [ring of positive energy]

   Str-4:     It affects your strength (-4).
   rF+:       It protects you from fire.
   rPois:     It protects you from poison rN+: It protects you from negative
   energy.
 Z - the amulet of Kitapt {Reflect rF+ Int-3 Slay+2 SH+5}
   (You took it off a centaur warrior on level 11 of the Dungeon)

   [amulet of reflection]

   Reflect:   It reflects blocked missile attacks.
   Int-3:     It affects your intelligence (-3).
   Slay+2:    It affects your accuracy & damage with ranged weapons and melee
   (+2).
   rF+:       It protects you from fire.
   SH+5:      It affects your SH (+5).
Wands
 e - a wand of digging (17)
Scrolls
 j - 18 scrolls of teleportation
 l - 8 scrolls of immolation
 n - 6 scrolls of vulnerability
 o - 8 scrolls of blinking
 p - 4 scrolls of fear
 q - 10 scrolls of poison
 r - 5 scrolls of silence
 v - 7 scrolls of fog
 x - 5 scrolls of enchant weapon
 H - 4 scrolls of brand weapon
 P - 9 scrolls of revelation
 S - 5 scrolls of summoning
 T - 7 scrolls of enchant armour
Potions
 f - a potion of berserk rage
 g - 9 potions of mutation
 k - 4 potions of attraction
 m - 6 potions of lignification
 u - 5 potions of magic
 y - 4 potions of brilliance
 z - 21 potions of curing
 A - 3 potions of cancellation
 B - 9 potions of enlightenment
 F - 10 potions of heal wounds
 G - 4 potions of invisibility
 I - a potion of might
 M - 3 potions of resistance
 O - 4 potions of haste
 U - 7 potions of ambrosia
Miscellaneous
 J - a sack of spiders


   Skills:
 + Level 19.2 Fighting
 - Level 2.0 Short Blades
 + Level 18.5 Maces & Flails
 - Level 2.6 Throwing
 + Level 13.5 Armour
 + Level 10.3 Dodging
 - Level 18.5 Stealth
 + Level 19.7 Shields


You had 22 spell levels left.
You didn't know any spells.
Your spell library contained the following spells:

 Spells                   Type           Power      Damage    Failure   Level
 Foxfire                  Conj/Fire      0%         2x1d4     73%         1
 Necrotise                Necr           0%         1d4       73%         1
 Cigotuvi's Dreadful Rot  Necr/Alch/Air  0%         N/A       86%         2
 Ensorcelled Hibernation  Hex/Ice        0%         N/A       86%         2
 Lesser Beckoning         Tloc           0%         N/A       86%         2
 Mercury Vapours          Alch/Air       0%         N/A       86%         2
 Sublimation of Blood     Necr           0%         N/A       86%         2
 Call Canine Familiar     Summ           0%         N/A       97%         3
 Dazzling Flash           Conj/Hex       0%         N/A       97%         3
 Frozen Ramparts          Ice            0%         1d1       97%         3
 Fugue of the Fallen      Necr           0%         N/A       97%         3
 Gell's Gravitas          Tloc           0%         N/A       97%         3
 Hailstorm                Conj/Ice       0%         3d5       97%         3
 Mephitic Cloud           Conj/Alch/Air  0%         N/A       97%         3
 Ozocubu's Armour         Ice            0%         N/A       97%         3
 Passwall                 Erth           0%         N/A       97%         3
 Stone Arrow              Conj/Erth      0%         3d7       97%         3
 Summon Ice Beast         Ice/Summ       0%         N/A       97%         3
 Teleport Other           Tloc           0%         N/A       97%         3
 Vampiric Draining        Necr           0%         2d6       97%         3
 Volatile Blastmotes      Fire/Tloc      0%         2d10      97%         3
 Airstrike                Air            0%         2d(0-16)  100%        4
 Anguish                  Hex/Necr       0%         N/A       100%        4
 Animate Armour           Summ/Erth      0%         N/A       100%        4
 Flame Wave               Conj/Fire      0%         2d4       100%        4
 Fulminant Prism          Conj/Alch      0%         3d5       100%        4
 Ignite Poison            Fire/Alch      0%         N/A       100%        4
 Iskenderun's Mystic Bla  Conj/Tloc      0%         2d3       100%        4
 Leda's Liquefaction      Alch/Erth      0%         N/A       100%        4
 Manifold Assault         Tloc           0%         N/A       100%        4
 Martyr's Knell           Necr/Summ      0%         N/A       100%        4
 Olgreb's Toxic Radiance  Alch           0%         N/A       100%        4
 Passage of Golubria      Tloc           0%         N/A       100%        4
 Petrify                  Alch/Erth      0%         N/A       100%        4
 Sticky Flame             Fire/Alch      0%         2d4       100%        4
 Summon Blazeheart Golem  Fire/Summ      0%         N/A       100%        4
 Summon Lightning Spire   Summ/Air       0%         N/A       100%        4
 Curse of Agony           Necr           0%         N/A       100%        5
 Freezing Cloud           Conj/Ice/Air   0%         6-21      100%        5
 Metabolic Englaciation   Hex/Ice        0%         N/A       100%        5
 Silence                  Hex/Air        0%         N/A       100%        5
 Summon Forest            Summ/Tloc      0%         N/A       100%        5
 Summon Mana Viper        Hex/Summ       0%         N/A       100%        5
 Yara's Violent Unravell  Hex/Alch       0%         3d3       100%        5
 Dispersal                Tloc           0%         N/A       100%        6
 Plasma Beam              Fire/Air       0%         2x1d10    100%        6
 Sculpt Simulacrum        Ice/Alch       0%         N/A       100%        6
 Starburst                Conj/Fire      0%         6d3       100%        6
 Haunt                    Necr/Summ      0%         N/A       100%        7
 Monstrous Menagerie      Summ           0%         N/A       100%        7
 Orb of Destruction       Conj           0%         9d5       100%        7
 Spellforged Servitor     Conj/Summ      0%         N/A       100%        7
 Ignition                 Fire           0%         3d3       100%        8
 Lehudib's Crystal Spear  Conj/Erth      0%         10d2      100%        8


Dungeon Overview and Level Annotations

Branches:
Dungeon (15/15)            Temple (0/1) D:7            Lair (5/5) D:8
 Shoals (4/4) Lair:3       Spider (4/4) Lair:3        Slime (0/5) Lair:4
    Orc (2/2) D:12            Elf (3/3) Orc:2        Vaults (4/5) D:13
  Crypt (3/3) Vaults:3       Tomb (0/3) Crypt:3      Depths (1/4) D:15
Ossuary (visited)          Bailey (visited)         Gauntlet (visited)

Altars:
Dithmenos
Elyvilon
Fedhas
Gozag
Nemelex Xobeh
Okawaru
Trog
Vehumet
Zin
The Shining One
Lugonu

Shops:
D:5 =   D:8 =   Orc:1 **(?   Orc:2 :([*=   Elf:3 **(   Shoals:1 *   Shoals:2 ??
Shoals:3 :   Vaults:1 (   Vaults:4 [

Portals:
Abyss: Lair:5
Trove: D:12 (give 8 scrolls of fog)

Annotations:
Lair:3 exclusion: oklob plant
Lair:4 1 runed translucent door
Lair:5 exclusion: oklob plant
Spider:4 Roxanne
Elf:1 1 runed translucent door
Elf:2 2 runed translucent doors
Depths:1 Sojobo


Innate Abilities, Weirdness & Mutations

You have razor-sharp teeth.
Your natural rate of healing is unusually fast.
When hurt, damage is shared between your health and your magic reserves.
Your bite disrupts and absorbs the magic of your enemies.
Potions cannot restore your health.
Your magical capacity is low. (-10% MP)
You expend magic power (3 MP) to strengthen your wands.


Message History

The air elemental closely misses you.
The spriggan air mage waves its arms in wide circles.
The air twists around and strikes you.
Sojobo says, "The whole secret lies in confusing the enemy."
Sojobo points at you and mumbles some strange words.
The bolt of lightning hits the air elemental.
The air elemental completely resists.
The bolt of lightning hits you! You resist.
* * * LOW HITPOINT WARNING * * *
You hear a deafening roar!
You hear two shouts!
The necromancer shouts!
The air elemental attacks as it pursues you!
You block the air elemental's attack.
You block the spark wasp zombie's attack.
The air elemental fires a burst of electricity at you.
The stunning burst misses you.
You block the spark wasp zombie's attack.
Blink to where?
Press: ? - help, Dir - move target
As you read the scroll of blinking, it crumbles to dust.
The air elemental fires a burst of electricity at you.
The stunning burst hits you! You resist.
You suddenly lose the ability to move!
* * * LOW HITPOINT WARNING * * *
The necromancer gestures wildly while chanting.
The necromancer binds the souls of nearby monsters.
Sojobo casts a spell at you. The bolt of lightning hits you! You resist.
* * * LOW HITPOINT WARNING * * *
You hear a shout!
You can move again.
The air elemental fires a burst of electricity at you.
The stunning burst hits you. You resist.
* * * LOW HITPOINT WARNING * * *
The stone giant throws a large rock.
The large rock hits you!
* * * LOW HITPOINT WARNING * * *
Sojobo waves her feathered arms in wide circles.
The air twists around and strikes you!
You die...
Sojobo says, "The outcome was never in doubt."
Your body crumbles into a pile of gold.

............####.
............#....
...)......##.....
...................
........$...........
#...................
#^..................
#..............#..######
#........@....#....≈~~≈≈
#..............#........
#............C#.........
#............#m.........
...........E#Qi.........
#.........Zp##C.........
#..........§.#.........
........Z.#.##...~~≈~≈
.........###########


You could see Sojobo (repels missiles), 2 stone giants, a merfolk javelineer, a
spriggan air mage (soul bound, repels missiles), a necromancer, an air elemental
(summoned), a spark wasp zombie and a tengu reaver skeleton.

Vanquished Creatures
  Mennas (Vaults:3)
  Mara (Shoals:3)
  Boris (Vaults:4)
  Margery (Vaults:4)
  Norris (Elf:3)
  Arachne (Spider:4)
  A bone dragon (Crypt:3)
  Nikola (Spider:1)
  The ghost of Ciuzocro the Blocker, an adept GnFi of Gozag (Shoals:3)
  Jorgrun (Spider:1)
  Rupert (D:13)
  Mlioglotl (Shoals:3)
  A lich (Crypt:3)
  2 shard shrike skeletons (Crypt:3)
  A deep elf master archer (Elf:3)
  A kraken (Shoals:3)
  A searing wretch (Vaults:4)
  A sphinx (Vaults:1)
  2 deep elf blademasters (Elf:3)
  9 ancient champions
  Frances (Spider:1)
  Agnes (Spider:1)
  Kirke (D:15)
  3 tengu reavers
  Donald (Spider:3)
  2 revenants (Crypt:1)
  6 emperor scorpions
  12 vault wardens
  5 deep elf elementalists (Elf:3)
  9 deep elf sorcerers
  A ghoul (Crypt:1)
  A curse skull (Crypt:3)
  6 ghost moths (Spider:4)
  An angel (Shoals:4)
  9 ironbound preservers
  2 reapers (Crypt:2)
  3 formless jellyfish
  A juggernaut skeleton (Crypt:3)
  2 stone giants
  6 caustic shrike skeletons (Crypt:3)
  3 orc warlords
  8 ironbound thunderhulks
  3 deep elf death magi
  6 vampire knights
  4 deep elf demonologists
  11 dire elephants
  An apis (Shoals:4)
  4 deep elf annihilators
  3 spark wasps (Spider:3)
  A minotaur (Gauntlet)
  A war gargoyle (Vaults:3)
  A fire dragon (D:15)
  An eidolon (Crypt:2)
  3 ettins
  A crystal guardian (Vaults:3)
  4 entropy weavers
  6 merfolk javelineers
  9 deep elf high priests
  5 jiangshi
  8 merfolk impalers
  7 great orbs of eyes
  8 vault guards
  5 hydras
  An ice dragon (Depths:1)
  7 yaktaur captains
  A rakshasa (D:13)
  2 peacekeepers
  Fannar (D:12)
  A radroach (Spider:3)
  3 spriggan skeletons
  A quicksilver dragon skeleton (Crypt:3)
  5 alligator snapping turtles
  11 ironbound frosthearts
  Erica (Lair:2)
  6 merfolk aquamancers
  A bennu zombie (Crypt:2)
  21 centaur warriors
  5 death knights
  7 two-headed ogres
  10 boulder beetles
  3 jorogumos (Spider:4)
  17 dancing weapons
  3 satyrs
  6 merfolk avatars
  4 death yaks
  4 thrashing horrors (Lair:5)
  A titan zombie (Crypt:1)
  9 demonic crawlers
  A tengu warrior (D:15)
  2 vampire magi
  Urug (D:11)
  4 orc high priests
  A soul eater (Crypt:1)
  4 hell knights (Vaults:4)
  7 deep elf knights
  4 titan skeletons (Crypt:3)
  A shadow wraith (Crypt:3)
  21 skeletal warriors
  6 skysharks
  4 pharaoh ants
  A storm dragon skeleton (Crypt:3)
  10 sea snakes
  3 sun moths
  3 cherubim (Shoals:4)
  15 deep trolls
  2 bunyip skeletons (Crypt:1)
  10 orb spiders
  18 harpies
  4 flayed ghosts
  9 deep elf archers
  6 arcanists
  27 deep elf pyromancers
  12 phantasmal warriors
  7 steelbarb worms
  15 ironbound convokers
  8 lindwurms
  A shadow dragon skeleton (Crypt:1)
  An anaconda skeleton (Crypt:3)
  18 deep elf zephyrmancers
  4 orc sorcerers (Orc:2)
  18 manticores
  An alligator zombie (Crypt:2)
  10 orc knights
  12 cyclopes
  3 necromancers
  24 wolf spiders
  A frost giant zombie (Crypt:1)
  33 ugly things
  27 fauns
  3 meliai (Spider:4)
  12 merfolk sirens
  A jorogumo skeleton (Crypt:2)
  5 elephants
  2 water nymphs
  Joseph (D:10)
  A frost giant skeleton (Crypt:1)
  6 moths of wrath
  2 smoke demons (Lair:5)
  6 torpor snails
  A titan simulacrum (Crypt:2)
  23 vault sentinels
  3 gargoyles (D:13)
  A black mamba (shapeshifter) (D:11)
  3 black mambas
  7 cane toads
  2 large abominations (Lair:5)
  A red draconian zombie (Crypt:1)
  A rime drake (shapeshifter) (Lair:5)
  A water nymph (shapeshifter) (Vaults:4)
  A centaur skeleton (Crypt:3)
  An efreet (D:15)
  10 komodo dragons
  A shock serpent skeleton (Crypt:2)
  A komodo dragon (shapeshifter) (D:15)
  26 yaktaurs
  2 rime drakes
  A tengu conjurer (D:15)
  An alligator snapping turtle skeleton (Crypt:3)
  A dire elephant skeleton (Crypt:3)
  7 freezing wraiths
  6 trolls
  Prince Ribbit (D:7)
  34 merfolk
  A polar bear (Lair:2)
  30 tarantellas
  16 blink frogs
  2 hornets (Gauntlet)
  A sun moth zombie (Crypt:2)
  2 raiju (Lair:5)
  6 wind drakes
  2 harpy skeletons
  15 dream sheep
  33 slime creatures
  2 air elementals (Elf:3)
  37 jumping spiders
  13 snapping turtles
  A merfolk skeleton (Crypt:1)
  24 culicivoras
  11 water elementals
  A vampire (D:12)
  A naga simulacrum (Crypt:1)
  2 shadows
  A centaur simulacrum (D:15)
  9 wraiths
  2 ynoxinuls (Lair:5)
  A spriggan (shapeshifter) (Lair:5)
  A spriggan (Lair:5)
  3 ettin skeletons (Crypt:3)
  A hog (D:15)
  2 wyverns
  A fire elemental (Elf:1)
  24 yaks
  10 basilisks
  Eustachio (D:6)
  A tyrant leech zombie (Crypt:3)
  5 wargs
  48 redbacks
  11 vampire mosquitoes
  2 chaos spawn (Lair:5)
  Menkaure (D:7)
  7 small abominations (Lair:5)
  A glowing shapeshifter zombie (Crypt:3)
  3 acid dragons
  A demonspawn skeleton (Crypt:3)
  11 water moccasins
  A naga skeleton (Crypt:3)
  An ice beast (D:4)
  A sky beast (shapeshifter) (D:13)
  An elephant zombie (Crypt:3)
  39 orc warriors
  12 laughing skulls
  4 boggarts (Vaults:1)
  6 wolves (Gauntlet)
  7 ogres
  12 centaurs
  3 phantoms
  A komodo dragon zombie (Crypt:2)
  4 earth elementals
  A gnoll sergeant (D:6)
  3 scorpions
  7 bullfrogs
  A warg zombie (Crypt:3)
  21 killer bees
  23 wights
  A raiju zombie (Crypt:3)
  A yak skeleton (Crypt:1)
  5 jellies
  6 howler monkeys
  A vampire bat (Lair:4)
  10 electric eels
  A centaur zombie (Ossuary)
  A human zombie (Ossuary)
  21 orc priests
  2 bombardier beetles (D:4)
  2 hounds
  Crazy Yiuf (D:6)
  2 sleepcaps
  5 iguanas
  23 orc wizards
  A sky beast zombie (Crypt:1)
  A deep dwarf skeleton (Crypt:2)
  A tengu skeleton (Crypt:2)
  5 hound zombies (Ossuary)
  A hound skeleton (Crypt:1)
  2 mummies (Ossuary)
  Robin (D:2)
  26 gnolls
  13 adders
  A steam dragon skeleton (Crypt:3)
  A shadow imp (D:7)
  3 white imps
  2 ufetubi (D:7)
  6 adder zombies (Ossuary)
  A lava snake zombie (Crypt:3)
  A dart slug (D:4)
  3 ribbon worms (D:2)
  70 orcs
  7 ball pythons
  5 endoplasms
  4 giant cockroaches
  6 gnoll zombies (Ossuary)
  31 goblins
  15 hobgoblins
  7 jackals
  3 quokkas
  18 bats
  2 frilled lizards
  A frilled lizard skeleton (Crypt:1)
  A jackal skeleton (Crypt:2)
  8 jackal zombies
  9 kobolds
  7 kobold zombies (Ossuary)
  4 orc zombies (Ossuary)
  12 rats
  4 tentacles (Shoals:3)
1731 creatures vanquished.

Vanquished Creatures (collateral kills)
  A two-headed ogre (D:9)
  4 killer bees (D:9)
  An orc wizard (D:9)
  An orc (D:9)
7 creatures vanquished.

Vanquished Creatures (others)
  Asterion (Spider:1)
  An occultist (D:15)
  A deep elf knight (Elf:3)
  A harpy (Shoals:4)
  A deep elf zephyrmancer (Elf:1)
  A deep elf pyromancer (Elf:1)
  2 orc wizards (Orc:2)
  An orc (Orc:2)
  8 tentacles (Shoals:3)
17 creatures vanquished.

Grand Total: 1755 creatures vanquished

Notes
Turn   | Place    | Note
-------+----------+-------------------------------------------
     0 | D:1      | nono the Vine Stalker Brigand began the quest for the Orb.
     0 | D:1      | Reached XP level 1. HP: 11/11 MP: 2/2
   107 | D:1      | Reached XP level 2. HP: 15/15 MP: 3/3
   362 | D:1      | Reached XP level 3. HP: 19/19 MP: 4/4
   851 | D:2      | Reached XP level 4. HP: 24/24 MP: 5/5
   855 | D:2      | Noticed Robin
   889 | D:2      | Killed Robin
  1388 | D:3      | Got the Secrets of Overcast Geomancy
  1485 | D:3      | Reached XP level 5. HP: 29/29 MP: 6/6
  1837 | D:3      | Reached skill level 1 in Maces & Flails
  2232 | D:4      | Noticed an ogre
  2326 | D:4      | Found an opulent altar of Gozag.
  2339 | D:4      | Became a worshipper of Gozag Ym Sagoz the Greedy
  2569 | D:3      | Reached XP level 6. HP: 22/34 MP: 3/7
  2708 | D:4      | Found a sand-covered staircase.
  2724 | Ossuary  | Entered an ossuary
  2854 | Ossuary  | Reached skill level 5 in Stealth
  3069 | Ossuary  | Reached skill level 5 in Fighting
  3235 | Ossuary  | Reached XP level 7. HP: 39/39 MP: 8/8
  3875 | D:5      | Entered Level 5 of the Dungeon
  3915 | D:5      | Found Quitol's Jewellery Emporium.
  3926 | D:5      | Gained mutation: You have razor-sharp teeth. [Vine Stalker
                  | growth]
  3926 | D:5      | Reached XP level 8. HP: 44/44 MP: 9/9
  4675 | D:6      | Noticed Eustachio
  4682 | D:5      | Reached skill level 1 in Shields
  4804 | D:6      | Killed Eustachio
  5054 | D:5      | Bought a +4 ring of protection for 360 gold pieces
  5682 | D:6      | Reached XP level 9. HP: 50/50 MP: 10/10
  6120 | D:6      | Found a runed translucent door.
  6121 | D:6      | Noticed Crazy Yiuf
  6129 | D:6      | Killed Crazy Yiuf
  6130 | D:6      | Reached skill level 5 in Maces & Flails
  6135 | D:6      | Identified the +11 hammer of Dishonour {flame, *Slow +Blink
                  | Int+3 Stlth+}
  6216 | D:7      | Noticed Menkaure
  6228 | D:7      | Killed Menkaure
  6443 | D:7      | Found a staircase to the Ecumenical Temple.
  6521 | D:7      | Noticed Prince Ribbit
  6543 | D:7      | Killed Prince Ribbit
  7405 | D:8      | Reached XP level 10. HP: 53/56 MP: 11/11
  7462 | D:8      | Found a staircase to the Lair.
  7613 | D:5      | Bought an amulet of reflection for 300 gold pieces
  7705 | D:8      | Reached skill level 5 in Shields
  7740 | D:9      | Noticed a two-headed ogre
  7773 | D:9      | Killed a two-headed ogre
  7801 | D:9      | Noticed a two-headed ogre
  7812 | D:9      | Killed a two-headed ogre
  7813 | D:9      | Found a shadowy altar of Dithmenos.
  7822 | D:9      | Found a blossoming altar of Fedhas.
  7822 | D:9      | Found an iron altar of Okawaru.
  7826 | D:9      | Found a radiant altar of Vehumet.
  7846 | D:9      | Identified the +0 leather armour of Ihaulet {Str+6 Int-3}
  7990 | D:9      | Found a sparkling altar of Nemelex Xobeh.
  8146 | D:9      | Found a flagged portal.
  8168 | Bailey   | Entered a bailey
  8380 | Bailey   | Noticed an orc knight
  8397 | Bailey   | Killed an orc knight
  8442 | Bailey   | Noticed an orc warlord
  8449 | Bailey   | Reached XP level 11. HP: 62/62 MP: 12/12
  8545 | Bailey   | Reached skill level 10 in Shields
  8545 | Bailey   | Reached XP level 12. HP: 63/67 MP: 9/13
  8742 | Bailey   | Killed an orc warlord
  8948 | D:9      | Got the Monograph on the Mutagenic Oath
  9119 | D:10     | Entered Level 10 of the Dungeon
  9212 | D:10     | Noticed Joseph
  9216 | D:10     | Noticed a two-headed ogre
  9240 | D:10     | Killed a two-headed ogre
  9244 | D:10     | Reached skill level 10 in Stealth
  9258 | D:10     | Killed Joseph
  9377 | D:10     | Reached skill level 10 in Fighting
  9477 | D:10     | Identified the +0 leather armour "Heown" {rN+}
  9703 | D:11     | Noticed Urug
  9732 | D:11     | Killed Urug
  9941 | D:11     | Found a bloodstained altar of Trog.
  9941 | D:11     | Found a radiant altar of Vehumet.
  9953 | D:11     | Found a glowing golden altar of the Shining One.
  9955 | D:11     | Found a bloodstained altar of Trog.
 10073 | D:11     | Identified the amulet of Kitapt {Reflect rF+ Int-3 Slay+2
                  | SH+5}
 10073 | D:11     | Noticed a centaur warrior
 10086 | D:11     | Killed a centaur warrior
 10090 | D:11     | Noticed a two-headed ogre
 10104 | D:11     | Killed a two-headed ogre
 10327 | D:11     | Identified the ring "Weawkomm" {rN+ Will+ Dex+4}
 10464 | D:11     | Reached skill level 1 in Armour
 10883 | D:12     | Reached XP level 13. HP: 53/72 MP: 12/14
 10925 | D:12     | Noticed Fannar
 10940 | D:12     | Killed Fannar
 11032 | D:12     | Reached skill level 5 in Armour
 11179 | D:12     | Found a portal to a secret trove of treasure.
 11343 | D:12     | Found a staircase to the Orcish Mines.
 11993 | Lair:1   | Entered Level 1 of the Lair of Beasts
 12012 | Lair:1   | Found a gate leading to a gauntlet.
 12017 | Gauntlet | Entered a Gauntlet
 12017 | Gauntlet | Found a runed translucent gate.
 12017 | Gauntlet | Found a transporter.
 12017 | Gauntlet | Found a transporter.
 12019 | Gauntlet | Found a transporter.
 12019 | Gauntlet | Found a transporter.
 12020 | Gauntlet | Found a runed translucent gate.
 12021 | Gauntlet | Found a runed translucent gate.
 12022 | Gauntlet | Found a transporter.
 12050 | Gauntlet | Found a transporter.
 12078 | Gauntlet | Found a transporter.
 12081 | Gauntlet | Found a transporter.
 12083 | Gauntlet | Found a transporter.
 12083 | Gauntlet | Found a transporter.
 12091 | Gauntlet | Found a transporter.
 12091 | Gauntlet | Found a transporter.
 12455 | Gauntlet | Reached skill level 10 in Armour
 12482 | Gauntlet | Noticed a minotaur
 12510 | Gauntlet | Killed a minotaur
 13525 | Lair:2   | Noticed Erica
 13533 | Lair:2   | Killed Erica
 13815 | Lair:2   | Reached XP level 14. HP: 79/79 MP: 15/15
 14526 | Lair:3   | Found a hole to the Spider Nest.
 14758 | Lair:3   | Found a staircase to the Shoals.
 15266 | Lair:3   | Reached skill level 10 in Maces & Flails
 15917 | Lair:4   | Found a runed translucent door.
 15927 | Lair:4   | Noticed an azure jelly
 15927 | Lair:4   | Noticed an azure jelly
 15928 | Lair:4   | Noticed an azure jelly
 15929 | Lair:4   | Found a staircase to the Slime Pits.
 16302 | Lair:5   | Entered Level 5 of the Lair of Beasts
 16470 | Lair:5   | Identified the ring "Nawaggug" {rN+ Will+ Int+6 Dex-4
                  | Stlth+}
 17367 | Lair:5   | Found a corrupted altar of Lugonu.
 17367 | Lair:5   | Found a one-way gate to the infinite horrors of the Abyss.
 17759 | D:8      | Bought the macabre finger necklace {Finger+ rN+} for 600
                  | gold pieces
 17759 | D:8      | Found the macabre finger necklace {Finger+ rN+}
 18080 | D:13     | Noticed Rupert
 18105 | D:13     | Killed Rupert
 18164 | D:13     | Identified the +4 scale mail of Gyx Liel {rElec rPois rN+}
 18283 | D:13     | Reached XP level 15. HP: 76/84 MP: 14/16
 18363 | D:13     | Found a blossoming altar of Fedhas.
 18566 | D:13     | Found a gate to the Vaults.
 19005 | D:13     | Identified the +0 scale mail of Dice, Bag, and Bottle
                  | {*Slow rPois rF- Will+++}
 19905 | D:15     | Entered Level 15 of the Dungeon
 20307 | D:15     | Found a white marble altar of Elyvilon.
 20382 | D:15     | Noticed Kirke
 20404 | D:15     | Killed Kirke
 20462 | D:15     | Found a staircase to the Depths.
 20882 | Orc:1    | Entered Level 1 of the Orcish Mines
 20882 | Orc:1    | Found Jintephu's General Store.
 21015 | Orc:1    | Found Zaenatz's Antique Weapon Boutique.
 21053 | Orc:1    | Found Qantus's Magic Scroll Emporium.
 21057 | Orc:1    | Bought a glowing demon whip for 396 gold pieces
 21083 | Orc:1    | Bought a scroll of fear for 56 gold pieces
 21083 | Orc:1    | Bought a scroll of blinking for 105 gold pieces
 21083 | Orc:1    | Bought a scroll of enchant armour for 105 gold pieces
 21083 | Orc:1    | Bought a scroll of identify for 28 gold pieces
 21091 | Orc:1    | Bought a scroll of identify for 28 gold pieces
 21249 | Orc:1    | Found Koih's General Store.
 21252 | Orc:1    | Bought a scroll of teleportation for 45 gold pieces
 21564 | Orc:2    | Entered Level 2 of the Orcish Mines
 21592 | Orc:2    | Reached XP level 16. HP: 91/91 MP: 5/17
 21659 | Orc:2    | Found Pealo's Book Shop.
 21916 | Orc:2    | Found a staircase to the Elven Halls.
 22763 | Orc:2    | Found Binygh's General Store.
 22764 | Orc:2    | Found Rigi's Jewellery Boutique.
 22765 | Orc:2    | Found Wioggaut's Antique Armour Boutique.
 22765 | Orc:2    | Found Tublego's Antique Weapon Shop.
 22780 | Orc:2    | Bought a scroll of fog for 64 gold pieces
 22780 | Orc:2    | Bought a scroll of identify for 32 gold pieces
 22787 | Orc:2    | Bought a ring of protection from cold for 275 gold pieces
 22787 | Orc:2    | Bought a ring of see invisible for 165 gold pieces
 23909 | Shoals:1 | Entered Level 1 of the Shoals
 24289 | Shoals:1 | Found Saodoaga's General Store.
 24315 | Shoals:1 | Bought a scroll of summoning for 152 gold pieces
 24315 | Shoals:1 | Bought a scroll of identify for 32 gold pieces
 24315 | Shoals:1 | Bought a scroll of identify for 32 gold pieces
 24315 | Shoals:1 | Bought a scroll of vulnerability for 64 gold pieces
 24521 | Shoals:1 | Identified the +6 war axe of Thoughtfulness {elec, rC+ MP+9
                  | Dex+2}
 25319 | Shoals:2 | Reached skill level 15 in Shields
 25480 | Shoals:2 | Found Lyesotumus's Magic Scroll Boutique.
 25490 | Shoals:2 | Found Nooniw's Magic Scroll Shoppe.
 25604 | Shoals:2 | Bought a scroll of summoning for 180 gold pieces
 25604 | Shoals:2 | Bought a scroll of teleportation for 57 gold pieces
 25604 | Shoals:2 | Bought a scroll of revelation for 142 gold pieces
 25604 | Shoals:2 | Bought a scroll of teleportation for 57 gold pieces
 25604 | Shoals:2 | Bought a scroll of blinking for 142 gold pieces
 25627 | Shoals:2 | Reached XP level 17. HP: 87/98 MP: 4/18
 25648 | Shoals:2 | Bought a scroll of teleportation for 30 gold pieces
 25648 | Shoals:2 | Bought a scroll of enchant weapon for 75 gold pieces
 25648 | Shoals:2 | Bought a scroll of teleportation for 30 gold pieces
 26533 | Shoals:3 | Found a transporter.
 26649 | Shoals:2 | Bought a scroll of brand weapon for 95 gold pieces
 26658 | Shoals:2 | Bought a scroll of brand weapon for 180 gold pieces
 26709 | Shoals:3 | Found Xidaq's Book Shoppe.
 26763 | Shoals:3 | Noticed Ciuzocro's ghost (adept GnFi)
 26787 | Shoals:3 | Found a transporter.
 26793 | Shoals:3 | Identified the ring "Bohenex" {rPois rC+ Str+2 Dex+3 SInv}
 26795 | Shoals:3 | Identified the +1 pair of gloves of Uskayaw's Hope {Str+3}
 26833 | Shoals:3 | Killed Ciuzocro's ghost
 26959 | Shoals:3 | Reached skill level 1 in Dodging
 27012 | Shoals:3 | Noticed a kraken
 27118 | Shoals:3 | Noticed Mlioglotl
 27141 | Shoals:3 | Killed Mlioglotl
 27628 | Shoals:4 | Entered Level 4 of the Shoals
 27876 | Shoals:4 | Found a glowing silver altar of Zin.
 27951 | Shoals:4 | Reached skill level 5 in Dodging
 28012 | Shoals:4 | Found a glowing golden altar of the Shining One.
 28039 | Shoals:4 | Identified the +2 halberd of the Kidney {venom, rC++ Int+2}
 28126 | Shoals:4 | Identified the +10 flail "Koaghuo" {venom, *Noise Int+5}
 28313 | Shoals:4 | Found a white marble altar of Elyvilon.
 28313 | Shoals:4 | Noticed Mara
 28450 | Shoals:3 | Killed Mara
 28521 | Shoals:4 | Reached XP level 18. HP: 57/103 MP: 10/19
 28526 | Shoals:4 | Identified the +1 robe "Vyhotreme" {Int+5}
 28685 | Shoals:4 | Identified the staff "Ystro" {rC++ rN+ SInv Necro}
 28690 | Shoals:4 | Got the Almanac of the Glacial Gathering
 28719 | Shoals:4 | Reached skill level 15 in Fighting
 28835 | Shoals:4 | Got a barnacled rune of Zot
 29241 | Spider:1 | Entered Level 1 of the Spider Nest
 29312 | Spider:1 | Noticed Nikola
 29354 | Spider:1 | Killed Nikola
 29556 | Spider:1 | Noticed Jorgrun
 29579 | Spider:1 | Noticed Agnes
 29592 | Spider:1 | Noticed Asterion
 29762 | Spider:1 | Killed Asterion
 29768 | Spider:1 | Killed Agnes
 29783 | Spider:1 | Killed Jorgrun
 29840 | Spider:1 | Identified the +1 falchion "Goblinslayer" {holy, Int+3}
 29935 | Spider:1 | Noticed Frances
 29949 | Spider:1 | Killed Frances
 31802 | Spider:3 | Noticed Donald
 32017 | Spider:3 | Killed Donald
 32018 | Spider:3 | Reached XP level 19. HP: 106/109 MP: 20/20
 32379 | Spider:4 | Entered Level 4 of the Spider Nest
 32613 | Spider:4 | Identified the +3 leather armour "Mausmat" {rC++}
 32659 | Spider:4 | Reached skill level 15 in Maces & Flails
 32662 | Spider:4 | Noticed Arachne
 32681 | Spider:4 | Killed Arachne
 33078 | Spider:4 | Got a gossamer rune of Zot
 33163 | Spider:4 | Reached skill level 10 in Dodging
 33595 | Spider:4 | Noticed Roxanne
 34349 | Vaults:1 | Entered Level 1 of the Vaults
 35179 | Vaults:1 | Reached XP level 20. HP: 116/116 MP: 21/21
 35877 | Vaults:2 | Identified a scroll of acquirement
 35888 | Vaults:2 | Acquired 979 gold pieces
 37314 | Vaults:3 | Found a staircase to the Crypt.
 37400 | Crypt:1  | Entered Level 1 of the Crypt
 38209 | Crypt:2  | Reached XP level 21. HP: 77/122 MP: 22/22
 38911 | Crypt:2  | Identified the +10 sling of Zor Cire {freeze, Str+2}
 39061 | Crypt:3  | Entered Level 3 of the Crypt
 39061 | Crypt:3  | Found a staircase to the Tomb.
 39079 | Crypt:3  | Reached skill level 15 in Stealth
 39916 | Crypt:3  | Identified the ring of Ygef {rN+ Str+2}
 39916 | Crypt:3  | Identified the ring of Xuroda {rPois rF+ rN+ Str-4}
 39916 | Crypt:3  | Identified the ring of Byits {Fly rN+ Int-5 Dex+2}
 39994 | Crypt:3  | Noticed a bone dragon
 40003 | Crypt:3  | Killed a bone dragon
 40067 | Crypt:3  | Identified the +6 scale mail of the Poles {rC+ Stlth+}
 40388 | Crypt:3  | Identified the staff of the Many Tales {Dex+3 Hexes Earth}
 40388 | Crypt:3  | Identified the death talisman of Xeorepp {rC+ rCorr Str+2
                  | Stlth+}
 40540 | Vaults:3 | Noticed Mennas
 40569 | Vaults:3 | Killed Mennas
 41023 | Vaults:3 | Reached XP level 22. HP: 107/128 MP: 23/23
 41937 | Vaults:4 | Noticed Boris
 41950 | Vaults:4 | Killed Boris
 42162 | Vaults:4 | Noticed Margery
 42285 | Vaults:4 | Killed Margery
 42874 | Vaults:4 | Bought a pair of runed gloves for 292 gold pieces
 43145 | Elf:1    | Entered Level 1 of the Elven Halls
 43145 | Elf:1    | Found a runed translucent gate.
 43145 | Elf:1    | Found a runed translucent gate.
 43145 | Elf:1    | Found a runed translucent gate.
 43145 | Elf:1    | Found a runed translucent gate.
 43145 | Elf:1    | Found a runed translucent gate.
 43145 | Elf:1    | Found a runed translucent gate.
 43147 | Elf:1    | Found a runed translucent door.
 43170 | Elf:1    | Found a runed translucent door.
 43513 | Elf:1    | Identified the +3 rapier "Puseonn" {antimagic, rF+}
 43753 | Elf:1    | Identified the +0 chain mail of Teewk {Str-2 Int+4 Dex+2}
 43805 | Elf:1    | Got the Codex of the Spectral Scorpion
 44146 | Elf:2    | Identified the +2 pair of gloves of Guxop {Dex+4}
 44242 | Elf:2    | Found a runed translucent gate.
 44242 | Elf:2    | Found a runed translucent gate.
 44435 | Elf:3    | Entered Level 3 of the Elven Halls
 44495 | Elf:3    | Found Xicsoab's Antique Weapon Shoppe.
 44511 | Elf:3    | Found Gicveph's Assorted Antiques.
 44518 | Elf:3    | Bought a potion of curing for 102 gold pieces
 44518 | Elf:3    | Bought a scroll of enchant armour for 255 gold pieces
 44560 | Elf:3    | Found Atugank's Assorted Antiques.
 44566 | Elf:3    | Bought a scroll of enchant weapon for 172 gold pieces
 44566 | Elf:3    | Bought a scroll of enchant armour for 172 gold pieces
 44626 | Elf:3    | Found a flickering gateway to a bazaar.
 44633 | Bazaar   | Entered a bazaar
 44637 | Bazaar   | Found Cymu Sad's Jewellery Boutique.
 44656 | Bazaar   | Found Egoij's Weapon Shoppe.
 44680 | Bazaar   | Found Istiria's Weapon Boutique.
 44701 | Bazaar   | Found Ykomoym's Antique Armour Emporium.
 45078 | Elf:3    | Noticed Norris
 45184 | Elf:3    | Gained mutation: Your magical capacity is low. (-10% MP) [a
                  | neqoxec]
 45186 | Elf:3    | Gained mutation: You expend magic power (3 MP) to
                  | strengthen your wands. [a neqoxec]
 45192 | Elf:3    | Killed Norris
 45194 | Elf:3    | Reached XP level 23. HP: 65/134 MP: 14/21
 45822 | Elf:3    | Identified the +8 quarterstaff "Pierhad" {drain, Str+2
                  | Int+7 Dex-5}
 46031 | Elf:3    | Identified the staff "Qeattazo" {rElec rPois rN+ Stlth-
                  | Conj Necro}
 46094 | Elf:3    | Identified the +4 war axe "Qiresich" {elec, rElec rF+ rC+
                  | rN+ Int-4}
 46094 | Elf:3    | Identified the +2 buckler of Nice Lucidity {^Drain MP+9
                  | Int+9}
 46094 | Elf:3    | Identified the ring "Cetsokid" {rPois rCorr Dex-4 Slay+5
                  | SInv}
 46108 | Elf:3    | Identified the +0 morningstar "Neguxoned" {flame, rF+}
 46111 | Elf:3    | Got Sophisticated Theurgy
 46116 | Elf:3    | Identified the ring "Woewiqie" {Wiz rElec}
 46248 | Elf:3    | Identified the +0 glaive "Uqanly" {drain, ^Fragile Int+2
                  | Dex+3}
 46703 | Vaults:4 | Bought the +2 hat of the Bear Spirit {Spirit, Bear, *Rage
                  | Will++} for 1361 gold pieces
 46703 | Vaults:4 | Found the +2 hat of the Bear Spirit {Spirit, Bear, *Rage
                  | Will++}
 46904 | Depths:1 | Entered Level 1 of the Depths
 46908 | Depths:1 | Noticed Sojobo
 46987 | Depths:1 | Paralysed by an air elemental for 1 turns
 47002 | Depths:1 | Paralysed by an air elemental for 1 turns
 47005 | Depths:1 | Paralysed by an air elemental for 1 turns
 47008 | Depths:1 | Paralysed by an air elemental for 1 turns
 47019 | Depths:1 | Paralysed by an air elemental for 1 turns
 47020 | Depths:1 | Killed from afar by Sojobo

Illustrated notes

Levels and vault maps discovered:
D:1:      onia_arrival_handbag, layout_rooms, dreamdust_princess_corridor,
          hangedman_decor_clover_reticule, minmay_tiny_reverse_x
D:2:      layout_basic, grunt_decor_cap, uniq_robin
D:3:      layout_basic, minmay_fractal_squares_diagonal_5
D:4:      layout_gridville, lemuel_doored_altar, nicolae_ossuary_entry_plus
D:5:      layout_loops_ring, minmay_shop_enchanted_jewellery
D:6:      layout_basic, minmay_crystal_room, nicolae_fountain_basement,
          uniq_eustachio, uniq_crazy_yiuf_cottage
D:7:      layout_loops_corners, minmay_temple_entry_proselytizer, uniq_menkaure,
          uniq_prince_ribbit1
D:8:      layout_rooms, lair_entry_dummy, amcnicky_mini_rare_corridor_liquid,
          serial_bayou_lagoon_b
D:9:      layout_cave_pools, mainiacjoe_overflow_boulevard,
          grunt_temple_overflow_open, enter_bailey_6
D:10:     layout_rooms, roderic_lattice_a, uniq_joseph
D:11:     minmay_the_grid_octo_tiled_octocenter_mashed
          [minmay_the_grid_octo_empty, minmay_the_grid_octo_thin_diamonds,
          minmay_the_grid_octo_odd_swirl, minmay_the_grid_octo_shrine,
          minmay_the_grid_octo_prize_single_spiral,
          minmay_the_grid_square_5x5_eight, minmay_the_grid_square_5x5_shrine1,
          minmay_the_grid_square_5x5_detours,
          minmay_the_grid_square_5x5_inner_i], layout_basic, uniq_urug
D:12:     layout_basic, orc_0_dummy, nicolae_trove_entry_crossroad, uniq_fannar
D:13:     layout_small_grid, david_vaults_5, fedhas_altar_1, uniq_rupert
D:14:     layout_stronghold
D:15:     hangedman_depths_entry_civil_slaughter, layout_long_grid,
          elyvilon_altar_3, drop_trap, minmay_microvault, uniq_kirke
Lair:1:   layout_misc_corridors, gauntlet_entry_generic,
          mumra_transporter_accident
Lair:2:   layout_cave_pods, enter_volcano_1, grunt_megastairs_3, uniq_erica
Lair:3:   layout_loops_ring, minmay_shoals_entry_lonely_mermaid,
          spider_nest_entry_webs, nicolae_lair_grove_arrangements
Lair:4:   layout_cave_pods, slime_entry_2, roderic_batcave, grunt_megastairs_2
Lair:5:   hellmonk_lair_end_abyssal_woods, layout_regular_city,
          grunt_forest_small_clearing_treed
Shoals:1: layout_shoals, serial_shops, nicolae_shop_rolling_square
Shoals:2: layout_shoals, serial_shops, nicolae_shop_trees, shop,
          nicolae_shoals_former_cling_halls
Shoals:3: layout_shoals, gammafunk_ghost_berserking_beasts, serial_shops, shop,
          uniq_mlioglotl
Shoals:4: shoals_end_hellmonk_holy_island, uniq_mara
Spider:1: layout_spider_delve, uniq_agnes, uniq_nikola, uniq_asterion,
          uniq_frances, uniq_jorgrun
Spider:2: layout_chambers
Spider:3: layout_spider_delve, nicolae_spider_shape, uniq_donald
Spider:4: johnstein_spider_rune_arachne_lair, uniq_roxanne
Orc:1:    layout_caves, serial_shops, shop, nicolae_shop_tiny_real_fake_doors,
          nicolae_shop_tiny_real_fake_doors, nicolae_shop_stone,
          nicolae_orc_rich_vein
Orc:2:    st_orc_congregation, layout_caves, serial_shops, shop
Elf:1:    nicolae_elf_arrival_dilemma, layout_geoelf_grid,
          kennysheep_underground_church
Elf:2:    elven_hall_of_blades_hangedman_original [grunt_blade_entry_basic],
          layout_rooms, nicolae_elf_shapeshifter_party
Elf:3:    minmay_elf_hall_spiked, layout_gridlike, serial_shops,
          bzr_entry_dummy, shop, shop, nicolae_shop_back_alley_shop,
          grunt_ministairs_13, uniq_norris
Vaults:1: hangedman_vaults_unwind, v_misc_27, nicolae_vaults_cornered_office,
          grunt_vaults_diagonal, nicolae_vaults_circle_grid_b,
          vaults_room_grunt_arrival_ludios, v_misc_17,
          nicolae_vaults_tetromino_Z_2, nicolae_vaults_tetromino_L_1,
          nicolae_vaults_asterisk, dpeg_vaults_monster_box, layout_vaults_ring
Vaults:2: grunt_vaults_bifocal, nicolae_vaults_trapezoid_layered,
          ontoclasm_vaults_ligature, nicolae_vaults_storage_closets_2,
          nicolae_vaults_network_periphery, vaults_standard_mumra_x,
          nicolae_vaults_little_squares_6, layout_vaults_omnigrid
Vaults:3: nicolae_vaults_border_crossing, minmay_crypt_entry_simple_plaza,
          ontoclasm_vaults_ring_large, nicolae_vaults_diamond_2,
          grunt_vaults_twisty, ontoclasm_vaults_shuriken,
          nicolae_vaults_storage_closets_1, nicolae_vaults_trapezoid_2,
          nicolae_vaults_little_squares_1, nicolae_vaults_storage_room_doors,
          vaults_dpeg_diagonal, nicolae_vaults_house_1,
          nicolae_vaults_tetromino_Z_1, nicolae_vaults_asterisk,
          nicolae_vaults_alarming, layout_vaults_omnicross, uniq_mennas
Vaults:4: v_rooms_5, vaults_room_boxed, vaults_room_grid, v_pattern_5,
          nicolae_vaults_trapezoid_4, nicolae_vaults_trapezoid_lopsided_3,
          v_alt_pattern_2, nicolae_vaults_three_branches,
          hangedman_vaults_capsules, ontoclasm_vaults_loading_screen,
          nicolae_vaults_shipping_containers_5, v_alt_pattern_1, v_misc_16,
          nicolae_vaults_theta, nicolae_vaults_little_squares_4,
          layout_vaults_maze_snakey, uniq_margery, uniq_boris
Crypt:1:  layout_misc_corridors
Crypt:2:  layout_misc_corridors, grunt_megastairs_1
Crypt:3:  due_elkab, layout_chaotic_city
Depths:1: layout_forbidden_donut, serial_shops, shop,
          hangedman_tar_grid_catacomb, kiku_gazebo_garden_becter,
          grunt_pan_entry_in_and_out, kennysheep_another_room,
          kennysheep_generic_room_12, serial_bayou_shore_b,
          kennysheep_random_hallway, uniq_sojobo

Skill      XL: |  1  2  3  4  5  6  7  8  9 10 11 12 13 14 15 16 17 18 19 20 21 22 23 |
---------------+----------------------------------------------------------------------+-----
Fighting       | 2 3 4 5 6 7 8 9 10 11 12 13 14 15 16 17 18 19 | 19.2
Throwing       | 2 |  2.6
Short Blades   | 2 |  2.0
Maces & Flails | 1 2 3 4 6 7 9 10 12 13 14 15 16 17 18 | 18.5
Stealth        | 5 6 7 8 9 10 12 14 16 18 | 18.5
Shields        | 2 4 6 10 11 12 13 14 15 16 17 18 19 | 19.7
Armour         | 3 11 12 13 | 13.5
Dodging        | 7 9 10 | 10.3

Action                     |  1- 3 |  4- 6 |  7- 9 | 10-12 | 13-15 | 16-18 | 19-21 | 22-24 || total
---------------------------+-------+-------+-------+-------+-------+-------+-------+-------++-------
  Melee: Dagger            |    99 |   343 |    31 |       |       |       |       |       ||   473
         Bite              |    24 |   104 |   123 |   203 |   705 |   822 |   717 |   209 ||  2907
         Punch             |       |    10 |     7 |       |       |       |       |       ||    17
         Flail             |       |       |   326 |   574 |  1430 |       |       |       ||  2330
         Mace              |       |       |     3 |       |       |       |       |       ||     3
         Demon whip        |       |       |       |       |    55 |  1866 |   939 |       ||  2860
         Eveningstar       |       |       |       |       |       |       |   561 |   516 ||  1077
  Throw: Throwing net      |       |       |       |       |       |     1 |       |       ||     1
 Invoke: Potion Petition   |       |       |     1 |       |       |       |     1 |     2 ||     4
         Call Merchant     |       |       |       |       |     1 |       |     1 |     1 ||     3
  Evoke: Wand              |       |       |     2 |     5 |       |       |       |       ||     7
         Sack of spiders   |       |       |       |       |     1 |       |       |       ||     1
    Use: Scroll            |     4 |     6 |     7 |     6 |     9 |    11 |     6 |     3 ||    52
         Potion            |       |       |       |     1 |     1 |     5 |       |     3 ||    10
   Stab: Sleeping          |     8 |    15 |     4 |     2 |    18 |    14 |    38 |    23 ||   122
         Distracted        |       |     2 |       |     5 |    17 |    15 |    24 |     8 ||    71
         Invisible         |       |       |       |       |       |     6 |       |       ||     6
 Armour: Robe              |     6 |       |       |       |       |       |       |       ||     6
         Ring mail         |    53 |   226 |    90 |       |       |       |       |       ||   369
         Chain mail        |       |       |   291 |   354 |   375 |       |       |       ||  1020
         Scale mail        |       |       |       |       |   215 |   570 |   456 |   236 ||  1477
  Dodge: Dodged            |    36 |   158 |   127 |   117 |   307 |   391 |   362 |   108 ||  1606
  Block: Tower shield      |       |       |   117 |   893 |  1923 |  1882 |  1466 |   503 ||  6784
         Kite shield       |       |       |     1 |       |       |       |       |       ||     1
         Reflection        |       |       |       |    17 |    27 |   121 |    56 |    33 ||   254

Table legend: (Time is in decaauts)
 A = Elapsed time spent in this place.
 B = Non-inter-level travel time spent in this place.
 C = Inter-level travel time spent in this place.
 D = Time resting spent in this place.
 E = Time spent auto-exploring this place.
 F = Levels seen in this place.
 G = Mean time per level.
                   A        B        C        D        E       F      G
               +--------+--------+--------+--------+--------+-----+--------+
         Total |  46878 |  42314 |   4564 |   1131 |  23014 |  45 | 1041.7 |
       Dungeon |  14983 |  13087 |   1896 |    272 |   8127 |  15 |  998.9 |
          Lair |   5576 |   4933 |    643 |     59 |   3659 |   5 | 1115.2 |
        Shoals |   5250 |   4708 |    542 |    436 |    997 |   4 | 1312.5 |
   Spider Nest |   4484 |   4242 |    242 |    107 |   2113 |   4 | 1121.0 |
  Orcish Mines |   2628 |   2318 |    310 |      0 |   1300 |   2 | 1314.0 |
   Elven Halls |   3198 |   2814 |    384 |    131 |   1452 |   3 | 1066.0 |
        Vaults |   5616 |   5206 |    410 |    115 |   3352 |   4 | 1404.0 |
         Crypt |   3164 |   3030 |    134 |      0 |   1894 |   3 | 1054.7 |
        Depths |     42 |     42 |      0 |      0 |      0 |   1 |   42.0 |
        Bazaar |    106 |    106 |      0 |      0 |      0 |   1 |  106.0 |
       Ossuary |    523 |    523 |      0 |     10 |     23 |   1 |  523.0 |
        Bailey |    747 |    747 |      0 |      0 |     78 |   1 |  747.0 |
      Gauntlet |    555 |    555 |      0 |      0 |     17 |   1 |  555.0 |
               +--------+--------+--------+--------+--------+-----+--------+

Top non-repeatable levels by time:
   Orc:2: 1907 daAuts
   Elf:3: 1780 daAuts
Vaults:2: 1609 daAuts
Spider:4: 1544 daAuts
Vaults:4: 1494 daAuts
Shoals:3: 1474 daAuts
 Crypt:3: 1420 daAuts
Shoals:1: 1414 daAuts
    D:12: 1413 daAuts
Spider:2: 1397 daAuts
     D:3: 1379 daAuts
  Lair:5: 1369 daAuts
    D:11: 1341 daAuts
Shoals:2: 1278 daAuts
Vaults:3: 1269 daAuts
